 Dungeon Crawl Stone Soup version 0.30.2 (webtiles) character file.

Game seed: 17584011886296763504

42 porpoise the Shooter (level 3, -1/28 HPs)
             Began as a Barachi Hexslinger on Mar 23, 2024.
             Slain by a gnoll
             ... wielding a +0 flail
              (10 damage)
             ... on level 2 of the Dungeon.
             The game lasted 00:03:22 (1341 turns).

porpoise the Shooter (Barachi Hexslinger)           Turns: 1341, Time: 00:03:22

Health: -1/28      AC:  2    Str: 11    XL:     3   Next: 56%
Magic:  1/4        EV: 12    Int: 13    God:
Gold:   94         SH:  0    Dex: 14    Spells: 3/4 levels left

rFire   . . .        a - +1 sling
rCold   . . .        (no shield)
rNeg    . . .        c - +0 robe
rPois   .            (no helmet)
rElec   .            (no cloak)
rCorr   .            (no gloves)
SInv    .            (no boots)
Will    .....        (no amulet)
Stlth   +            (no ring)
HPRegen 0.24/turn    (no ring)
MPRegen 0.09/turn

%: no passive effects
@: slow
A: amphibious, slowness 1, strong legs 1, +LOS
a: Hop


You were on level 2 of the Dungeon.
You visited 1 branch of the dungeon, and saw 2 of its levels.

You collected 94 gold pieces.

Inventory:

Hand Weapons
 a - a +1 sling (weapon)
 d - a +0 mace
Missiles
 g - 5 poisoned darts
 i - 4 boomerangs
Armour
 c - a +0 robe (worn)
Scrolls
 b - 2 scrolls of poison
 f - a scroll of vulnerability {unknown}
Potions
 e - 2 potions of attraction {unknown}
 h - a potion of haste {unknown}


   Skills:
 + Level 2.4 Fighting
 * Level 3.3 Ranged Weapons
 - Level 2.1 Dodging
 - Level 1.1 Spellcasting
 - Level 3.2 Hexes


You had 3 spell levels left.
You knew the following spells:

 Your Spells              Type           Power      Damage    Failure   Level
a - Slow                  Hex            36%        N/A       8%          1

Your spell library contained the following spells:

 Spells                   Type           Power      Damage    Failure   Level
 Inner Flame              Hex/Fire       4%         N/A       38%         3
 Portal Projectile        Hex/Tloc       8%         N/A       38%         3
 Hailstorm                Conj/Ice       0%         3d3       63%         3
 Cause Fear               Hex            4%         N/A       58%         4
 Ice Form                 Ice/Tmut       0%         N/A       95%         4
 Simulacrum               Ice/Necr       0%         N/A       100%        6


Dungeon Overview and Level Annotations

Branches:
Dungeon (2/15)

Altars:


Innate Abilities, Weirdness & Mutations

You are amphibious.
You cover ground slowly.
You can hop short distances.
You have an extended range of vision and can be seen from far away.


Message History

Aim: a gnoll, wielding a +0 flail (slow, 63% to hit)
You shoot a sling bullet. The sling bullet hits the gnoll.
The gnoll is heavily wounded.
The gnoll misses you.
Fire: a) +1 sling
Press: ? - help, Q - select action, (/) - cycle Shift-Dir - straight line, f/p - gnoll
Aim: a gnoll, wielding a +0 flail (slow, 63% to hit)
You shoot a sling bullet.
The sling bullet closely misses the gnoll.
The sling bullet hits the gnoll.
The gnoll is lightly wounded.
The gnoll hits you from afar with a +0 halberd!
* * * LOW HITPOINT WARNING * * *
The gnoll misses you.
Fire: a) +1 sling
Press: ? - help, Q - select action, (/) - cycle Shift-Dir - straight line, f/p - gnoll
Aim: a gnoll, wielding a +0 flail (lightly wounded, slow, 63% to hit)
You shoot a sling bullet.
The sling bullet completely misses the gnoll.
The sling bullet closely misses the gnoll.
Fire: a) +1 sling
Press: ? - help, Q - select action, (/) - cycle Shift-Dir - straight line, f/p - gnoll
Aim: a gnoll, wielding a +0 flail (lightly wounded, slow, 63% to hit)
You shoot a sling bullet. The sling bullet hits the gnoll.
The gnoll is moderately wounded.
Unknown command.
Fire: a) +1 sling
Press: ? - help, Q - select action, (/) - cycle Shift-Dir - straight line, f/p - gnoll
Aim: a gnoll, wielding a +0 flail (moderately wounded, slow, 63% to hit)
You shoot a sling bullet. The sling bullet hits the gnoll.
The gnoll is heavily wounded.
Unknown command.
Fire: a) +1 sling
Press: ? - help, Q - select action, (/) - cycle Shift-Dir - straight line, f/p - gnoll
Aim: a gnoll, wielding a +0 flail (heavily wounded, slow, 63% to hit)
You shoot a sling bullet.
The sling bullet hits the gnoll but does no damage.
The gnoll is heavily wounded.
The gnoll hits you with a +0 flail!
You die...

#. ..#..8..#. #.
.##....# #.## ..#b.##
..###†#### #...#..#.
#...##..
#####...##.######
#.......##.#@ggg#
#............##g'......#
#....###...######....#..
#....# #.#.# ###.# #
###....# #+#'# # #
#......# ... # #......#
.... # #......# ......
###....####........


You could see 4 gnolls.

Vanquished Creatures
  2 dart slugs
  3 ball pythons
  5 endoplasms
  2 giant cockroaches
  3 goblins
  8 hobgoblins
  3 kobolds (D:1)
  2 bats (D:1)
  2 frilled lizards (D:1)
  3 rats
33 creatures vanquished.

Notes
Turn   | Place    | Note
-------+----------+-------------------------------------------
     0 | D:1      | porpoise the Barachi Hexslinger began the quest for the
                  | Orb.
     0 | D:1      | Reached XP level 1. HP: 15/15 MP: 2/2
   315 | D:1      | Reached XP level 2. HP: 22/22 MP: 3/3
   637 | D:1      | Reached XP level 3. HP: 27/27 MP: 4/4
  1341 | D:2      | Slain by a gnoll

Illustrated notes

Levels and vault maps discovered:
D:1:      minmay_arrival_glassed_features, layout_basic, st_stairs_4
D:2:      minmay_skewed_foursquare, layout_basic

Skill      XL: |  1  2 |
---------------+-------+-----
Fighting       | 2 |  2.4
Ranged Weapons | 3 |  3.3
Dodging        | |  2.1
Spellcasting   | |  1.1
Hexes          | |  3.2

Action                     || total
---------------------------++-------
   Fire: Sling             ||   115
   Cast: Slow              ||     4
 Armour: Robe              ||     4
  Dodge: Dodged            ||    28
